 Dungeon Crawl Stone Soup version 0.22-a0-75-g1fede22 (webtiles) character file.

730 KristoblXynda the Slasher (level 7, -6/55 HPs)
             Began as a Black Draconian Gladiator on Jan 12, 2018.
             Mangled by Duvessa
             ... wielding a +0 short sword
              (12 damage)
             ... on level 5 of the Dungeon.
             The game lasted 00:08:13 (3949 turns).

KristoblXynda the Slasher (DrGl)                    Turns: 3949, Time: 00:08:14

Health: -6/55      AC:  8    Str: 16    XL:     7   Next: 44%
Magic:  6/6        EV: 14    Int: 11    God:
Gold:   244        SH:  4    Dex: 14    Spells: 6/6 levels left

rFire    . . .     SeeInvis +   a - +0 long sword
rCold    . . .     Gourm    +   i - +0 buckler
rNeg     . . .     Faith    .   (armour unavailable)
rPois    +         Spirit   .   b - +1 hat
rElec    +         Reflect  .   h - scarf {repulsion}
rCorr    +         Harm     .   (no gloves)
MR       .....                  u - +0 pair of boots {Fly}
Stlth    +.........             f - amulet of the gourmand
HPRegen  0.18/turn              n - ring of resist corrosion
MPRegen  0.10/turn              j - ring of see invisible

@: short of breath, flying, repel missiles
A: breathe lightning, unfitting armour, see invisible, clever 1, low mp 1,
poison resistance, electricity resistance, cold-blooded, AC +6
a: Breathe Lightning, Stop Flying


You were on level 5 of the Dungeon.
You were full.

You visited 1 branch of the dungeon, and saw 5 of its levels.

You collected 244 gold pieces.

Inventory:

Hand Weapons
 a - a +0 long sword (weapon)
Missiles
 c - 2 throwing nets (quivered)
Armour
 b - a +1 hat (worn)
 h - a scarf of repulsion (worn)
 i - a +0 buckler (worn)
 u - a +0 pair of boots of flying (worn)
 v - a +0 shield
Jewellery
 f - an amulet of the gourmand (around neck)
 j - a ring of see invisible (right hand)
 n - a ring of resist corrosion (left hand)
Scrolls
 g - a scroll of immolation
 k - a scroll of blinking
 r - a scroll of teleportation
Potions
 o - a potion of flight
 p - a potion of ambrosia
Comestibles
 d - 6 rations


   Skills:
 - Level 2.1 Fighting
 * Level 7.1 Long Blades
 - Level 2.0 Throwing
 + Level 4.9 Dodging
 + Level 2.0 Shields


You had 6 spell levels left.
You didn't know any spells.

Dungeon Overview and Level Annotations

Branches:
Dungeon (5/15)
 Temple: D:4-7

Altars:
Ashenzari
Dithmenos
Elyvilon
Okawaru
Ru
Yredelemnul
Zin

Annotations:
D:4 KristoblXynda's ghost, amateur DrGl
D:5 Duvessa


Innate Abilities, Weirdness & Mutations

You can breathe wild blasts of lightning.
Your glossy black scales are hard. (AC +6)
You cannot fit into any form of body armour.
You are resistant to electric shocks. (rElec)
You are cold-blooded and may be slowed by cold attacks.
You have supernaturally acute eyesight. (SInv)
Your mind is acute. (Int +2)
Your magical capacity is low. (-10% MP)
Your system is resistant to poisons. (rPois)


Message History

Duvessa is almost dead.
Duvessa hits you with a short sword!
* * * LOW HITPOINT WARNING * * *
Dowan points at you and mumbles some strange words.
You resist with some effort. Duvessa hits you but does no damage.
You hit Duvessa but do no damage.
Duvessa is almost dead.
Duvessa hits you with a short sword.
* * * LOW HITPOINT WARNING * * *
Unknown command.
You breathe a wild blast of lightning!
You hear a mighty clap of thunder!
The bolt of lightning hits Dowan.
You kill Dowan!
Duvessa weeps, then rights herself and shakes her weapon.
Duvessa goes berserk!
Your Shields skill increases to level 2!
The orb of electricity explodes!
You feel somewhat less full. Duvessa hits you with a short sword!
You die...

### ..# #.# ####### #.#
#^^_^^# #)# ##.^^## #e#
#.^^^.##### #@# ##...###..#
#)# ###'####..### #)#
###.###.....# #.#
.#........#.####.#
.#..............(#
.#........#.######
##........#.#
#........#.##################


You could see Duvessa (berserk).

Vanquished Creatures
  2 ogres (D:4)
  A gnoll sergeant (D:5)
  Dowan (D:5)
  A bullfrog zombie (D:5)
  3 orc priests (D:5)
  4 orc wizards
  A hound skeleton (D:4)
  8 gnolls (D:5)
  2 adders (D:2)
  An ooze (D:2)
  4 dart slugs
  3 worms
  7 orcs
  2 ball pythons
  4 giant cockroaches
  7 goblins
  10 hobgoblins
  2 kobolds
  2 quokkas
  8 bats
  3 frilled lizards (D:1)
  2 quokka skeletons (D:4)
  7 rats
  A spectral orc (D:5)
86 creatures vanquished.

Notes
Turn   | Place    | Note
-------+----------+-------------------------------------------
     0 | D:1      | KristoblXynda the Draconian Gladiator began the quest for the Orb.
     0 | D:1      | Reached XP level 1. HP: 17/17 MP: 1/1
   384 | D:1      | Reached XP level 2. HP: 24/24 MP: 2/2
  1137 | D:2      | Reached XP level 3. HP: 23/29 MP: 3/3
  1403 | D:2      | Found a white marble altar of Elyvilon.
  1406 | D:2      | Reached skill level 4 in Long Blades
  1555 | D:2      | Found a shattered altar of Ashenzari.
  1563 | D:2      | Reached XP level 4. HP: 19/36 MP: 4/4
  1605 | D:2      | Found a shadowy altar of Dithmenos.
  1704 | D:2      | Found a sacrificial altar of Ru.
  1705 | D:2      | Found an iron altar of Okawaru.
  2099 | D:3      | Found a glowing silver altar of Zin.
  2388 | D:4      | Found a shadowy altar of Dithmenos.
  2390 | D:4      | Noticed KristoblXynda's ghost (amateur DrGl)
  2533 | D:4      | Reached skill level 5 in Long Blades
  2533 | D:4      | Reached XP level 5. HP: 17/41 MP: 5/5
  2891 | D:4      | Gained mutation: Your magical capacity is low. (-10% MP) [potion of mutation]
  2891 | D:4      | Gained mutation: Your mind is acute. (Int +2) [potion of mutation]
  2891 | D:4      | Gained mutation: Your system is resistant to poisons. (rPois) [potion of mutation]
  2891 | D:4      | Gained mutation: You have supernaturally acute eyesight. (SInv) [potion of mutation]
  2975 | D:4      | Noticed an ogre
  2980 | D:4      | Killed an ogre
  2980 | D:4      | Reached XP level 6. HP: 19/48 MP: 5/5
  3025 | D:4      | Reached skill level 6 in Long Blades
  3348 | D:5      | Entered Level 5 of the Dungeon
  3387 | D:5      | Found a basalt altar of Yredelemnul.
  3590 | D:5      | Reached skill level 1 in Shields
  3596 | D:5      | Your scales start taking on a glossy black colour.
  3596 | D:5      | Reached XP level 7. HP: 22/55 MP: 6/6
  3596 | D:5      | Gained mutation: You are resistant to electric shocks. (rElec) [Black Draconian growth]
  3597 | D:5      | HP: 1/55 [bounced beam (6)]
  3930 | D:5      | Noticed Duvessa
  3931 | D:5      | Noticed Dowan
  3939 | D:5      | Reached skill level 7 in Long Blades
  3949 | D:5      | Killed Dowan
  3949 | D:5      | Mangled by Duvessa

Vault maps used:
D:1:      mrwooster_arrival_statue, glass_columns_a, hangedman_decor_points,
          minmay_unequal
D:2:      nicolae_overflow_hidden_temple, elyvilon_altar_5,
          nicolae_overflow_crystal_walls, minivault_19
D:3:      lemuel_round_altar, minmay_misc_feat_secret_circle
D:4:      hangedman_abyss_or_decor_passed, hangedman_decor_riveting,
          grunt_ministairs_8, nicolae_dithmenos_shadow_blocks, uniq_natasha
D:5:      yredelemnul_forgotten_temple_becter, first_ration, serial_shops, shop,
          nicolae_shop_crystal, hangedman_glass_teeth, cheibriados_altar_1,
          uniq_duvessa, uniq_sigmund, uniq_grinder

Skill      XL: |  1  2  3  4  5  6  7 |
---------------+----------------------+-----
Throwing       | 2 |  2.0
Dodging        | 3 4 |  4.9
Long Blades    | 4 5 6 7 |  7.1
Shields        | 1 2 |  2.0
Fighting       | |  2.1

Action                   |  1- 3 |  4- 6 |  7- 9 || total
-------------------------+-------+-------+-------++-------
Melee: Long sword        |    92 |   142 |    18 ||   252
       Tailslap          |    13 |    22 |     3 ||    38
Throw: Throwing net      |       |     2 |       ||     2
 Abil: Breathe Lightning |       |       |     3 ||     3
  Use: Scroll            |     7 |     2 |       ||     9
       Potion            |       |     7 |       ||     7
 Stab: Sleeping          |     3 |     1 |       ||     4
  Eat: Chunk             |    10 |     6 |       ||    16
Armor: Skin              |    27 |    21 |     2 ||    50
Dodge: Dodged            |    64 |    88 |    10 ||   162
Block: Buckler           |       |     5 |     4 ||     9
       Rpst.: Long sword |    25 |    25 |     2 ||    52

Table legend:
 A = Spawn XP
 B = Non-spawn XP
 C = Spawn XP percentage of total XP
 D = Spawn monster count
 E = Non-spawn monster count
 F = Spawn count percentage of total count
 G = Total turns spent on level
                    A         B        C        D         E        F      G
               +---------+---------+-------+---------+---------+-------+---------
         Total |       0 |    1043 |   0.0 |       0 |      86 |   0.0 |  3949
               +---------+---------+-------+---------+---------+-------+---------
           D:1 |       0 |      26 |   0.0 |       0 |      17 |   0.0 |   951
           D:2 |       0 |      76 |   0.0 |       0 |      23 |   0.0 |   838
           D:3 |       0 |      72 |   0.0 |       0 |      16 |   0.0 |   650
           D:4 |       0 |     361 |   0.0 |       0 |      10 |   0.0 |   909
           D:5 |       0 |     508 |   0.0 |       0 |      20 |   0.0 |   601
               +---------+---------+-------+---------+---------+-------+---------
